[Event "*** SCC Grand Prix: Titled Tuesday Blitz"]
[Site "Chess.com"]
[Date "2020.08.25"]
[Round "2"]
[White "Parhamov"]
[Black "chessdjw"]
[Result "1-0"]
[WhiteElo "3015"]
[BlackElo "2591"]
[TimeControl "180+1"]
[EndTime "10:22:04 PDT"]
[Termination "Parhamov won on time"]

1. c4 c5 2. g3 g6 3. Bg2 Bg7 4. Nc3 Nc6 5. h4 Nf6 6. a3 e6 7. Rb1 d5 8. cxd5 exd5 9. b4 cxb4 10. axb4 Bf5 11. d3 O-O 12. Nf3 d4 13. Na4 b5 14.
Nc5 Nd5 15. Bd2 Nc3 16. Bxc3 dxc3 17. O-O a5 18. bxa5 Qxa5 19. Ne1 Rac8 20. Nc2 b4 21. Nb7 Qc7 22. Bxc6 Qxc6 23. Rxb4 Bh3 24. e4 Bxf1 25.
Qxf1 Rb8 26. Qb1 h5 27. Kg2 Ra8 28. Qb3 Rfb8 29. Na5 Rxb4 30. Qxb4 Qd7 31. d4 Qe6 32. d5 Qa6 33. Nc6 Qd3 34. Qb3 Qxe4+ 35. Kg1 Qf3 36. Qb7 Re8 37. d6 Qd1+ 38. Kh2 Qxc2 39. Ne7+ Kh7 40. Qf3 Qd2 41. Qxf7 Qxd6 42. Qxe8 c2 43.
Qg8+ Kh6 44. Qc4 Qxe7 45. Qxc2 Qf6 46. Qd2+ Kh7 47. Kg2 Qc6+ 48. Kh2 Qf6 49. Qe2 Qf5 50. Kg2 Qg4 51. Qd3 Qf5 52. Qe2 Qe5 53. Qf3 Qf6 54. Qd1 Qc6+ 55. f3 Qb7 56. Kh3 Qb2 57. g4 Qc3 58. gxh5 gxh5 59. Qe2 Be5 60. Qe4+ Kh6 61. Qf5 Qb2 62. Qg5+ Kh7 63. Qxh5+ Kg7 64. Qg5+ Kf7 65. Qf5+ Ke7 66. Qe4 Qh2+ 67. Kg4 Qg3+ 68. Kf5 Kd6 69.
Qb4+ Kd5 70. Qb5+ Kd6 71. Qb8+ Kd5 72. Qb7+ Kd6 73. Qb6+ Kd5 74. Qe6+ Kd4 75. Qb6+ Kd5 76. Qb3+ Kd6 77. Qd3+ Ke7 78. Qe4 Kd6 79. h5 Qh3+ 80. Qg4 Qxg4+ 81. fxg4 Bc3 82. g5 Ke7 83. Kg6 Kf8 84.
Kh7 Kf7 85. g6+ Kf8 86. h6 Ke8 87. g7 1-0

[Event "*** SCC Grand Prix: Titled Tuesday Blitz"]
[Site "Chess.com"]
[Date "2020.08.25"]
[Round "2"]
[White "StephenDedalus83"]
[Black "Crazy_girl99"]
[Result "0-1"]
[WhiteElo "2743"]
[BlackElo "2515"]
[TimeControl "180+1"]
[EndTime "10:22:07 PDT"]
[Termination "Crazy_girl99 won by resignation"]

1. e4 e5 2. Nf3 Nc6 3. Bb5 a6 4. Ba4 Nf6 5. O-O Be7 6. Re1 b5 7. Bb3 d6 8. c3 O-O 9. h3 Nb8 10. d4 Nbd7 11. Nbd2 Bb7 12. Bc2 Re8 13. Nf1 Bf8 14. Ng3 g6 15. a4 c6 16. b3 Qc7 17. Bg5 h6 18. Be3 Bg7 19. Qd2 Kh7 20. Rad1 Rad8 21. Qc1 Nf8 22. b4 Ne6 23. a5 c5 24. d5 Nf8 25. Bd3 N8d7 26. c4 bxc4 27. Qxc4 Rc8 28. Rc1 Qd8 29. b5 Ra8 30. b6 Ng8 31. Nd2 Qe7 32. Bc2 Rf8 33. f3 h5 34.
Ne2 Bh6 35. Bxh6 Nxh6 36. Ba4 f5 37. Bc6 Nf6 38. Qa4 Rac8 39. Nc3 Nf7 40. Nc4 Nd8 41. Bxb7 Nxb7 42. exf5 gxf5 43. Qc2 Qd7 44. Ne3 Ng8 45. Qd3 Ra8 46. Ra1 Kh8 47. Nc4 Ne7 48. Ne2 Qe8 49.
Red1 Qf7 50. Kh1 Rg8 51. Qd2 Qg7 52. Nc3 Raf8 53. Qf2 f4 54. Ne4 Nf5 55. Kh2 h4 56. Rg1 Rf7 57. Qd2 Qf8 58. Ra2 Rfg7 59. Qd3 Rg6 60.
Rf2 R8g7 61. Qc2 Qg8 62. Qd3 Nd4 63. Qd2 Qxd5 64. Nb2 c4 65. Nd1 Nxa5 66. Ndc3 Qf7 67. Qa2 Nab3 68. Qxa6 Qb7 69. Qxb7 Rxb7 70. Ra2 Rxb6 71. Ra8+ Rg8 72. Rxg8+ Kxg8 73. Ra1 d5 74. Nxd5 Rb7 75. Ra6 Ne2 76. Rh6 Kg7 77. Rxh4 Rd7 78. Rg4+ Kf7 79. Nec3 Nxc3 80. Nxc3 Rd3 81. Ne4 c3 82.
Rh4 c2 83. Rh7+ Kf8 84. Rc7 c1=Q 85. Rxc1 Nxc1 86. Nc5 Rd5 87. Ne6+ Ke7 88. Ng5 Ne2 89. Ne4 Rd1 90. h4 Ng3 91. Nxg3 fxg3+ 92. Kxg3 Kf6 93.
Kg4 Rh1 94. g3 Rh2 95. Kh5 Rh3 96. Kg4 Rh1 97. Kh5 Kf5 98. Kh6 Rh3 99. g4+ Kf4 100.
Kh5 Kxf3 101. g5 e4 102. g6 Kg3 103. g7 Rxh4+ 0-1

[Event "*** SCC Grand Prix: Titled Tuesday Blitz"]
[Site "Chess.com"]
[Date "2020.08.25"]
[Round "2"]
[White "Siemba"]
[Black "Mazetovic"]
[Result "1-0"]
[WhiteElo "2471"]
[BlackElo "2666"]
[TimeControl "180+1"]
[EndTime "10:22:44 PDT"]
[Termination "Siemba won by resignation"]

1. e4 c5 2. Nf3 Nc6 3. d4 cxd4 4.
Nxd4 g6 5. c4 Bg7 6. Be3 Nf6 7.
Nc3 d6 8. Be2 O-O 9. O-O Bd7 10.
h3 Nxd4 11. Bxd4 Bc6 12. Qc2 Qc7 13. b4 b6 14. a4 a5 15. bxa5 Rxa5 16. Rab1 Nd7 17.
Be3 Nc5 18. f3 Rfa8 19. Nd5 Bxd5 20. cxd5 Rxa4 21. Rfc1 Ra2 22. Qd1 R8a3 23. Bc4 Rxg2+ 24. Kxg2 Rxe3 25. Qd2 Bh6 26. Rc2 Bf4 27. Qb4 Nd7 28.
Rb3 Rxb3 29. Bxb3 Nc5 30. Bc4 Qd8 31. Rb2 Qf8 32. Qe1 Qh6 33. Rxb6 Qg5+ 34. Kh1 Qe5 35. Rb8+ Kg7 36. Qf1 Qc3 37. Be2 Nd7 38. Rb7 Qc8 39. Ba6 Nc5 40. Ra7 Qd8 41. Bc4 h5 42.
Ra5 Nd7 43. Ra6 Nf6 44. Ra7 h4 45. Qd3 Nh5 46. Rb7 Ng3+ 47. Kg2 Qa5 48. Rb3 Qe1 49. Qc3+ Qxc3 50. Rxc3 Be5 51. Rb3 Nh5 52. Bf1 Nf4+ 53. Kf2 Bd4+ 54. Ke1 Kf6 55. Rb7 g5 56. Rb8 Ng6 57.
Rg8 Bc5 58. Rc8 Ke5 59. Rg8 Kf6 60. Ke2 Nf4+ 61. Ke1 Bb4+ 62. Kf2 Bd2 63. Rf8 Bb4 64.
Re8 Bc5+ 65. Ke1 Nh5 66. Ke2 e6 67. dxe6 fxe6 68. Rf8+ Ke5 69. Rg8 Nf4+ 70. Ke1 Kf6 71. Rf8+ Kg7 72. Re8 d5 73. exd5 exd5 74. Rc8 Bb4+ 75.
Kf2 Kf6 76. Rd8 Bc5+ 77. Ke1 Bg1 78. Kd2 d4 79. Rd7 Be3+ 80. Ke1 Nh5 81. Rd8 Ke5 82. Re8+ Kf4 83. Rh8 Ng3 84. Rf8+ Ke5 85. Rf7 Nf5 86. Bd3 Ng3 87. Rf8 Bf4 88. Rf7 Be3 89. Rf8 Nh5 90. Rf5+ Ke6 91. Rb5 Nf4 92. Bf1 Kf6 93. Rb6+ Ke5 94.
Rb5+ Kf6 95. Rb6+ Kf5 96. Rb5+ Kg6 97. Rb6+ Kh5 98. Rd6 Ng6 99. Bd3 Ne5 100. Bb5 g4 101. fxg4+ Kg5 102. Rd5 Kf4 103. Be2 Bg1 104. g5 Be3 105.
Rxe5 Kxe5 106. g6 Kf6 107. Bd3 Kg7 108. Kf1 Kf6 109. Kg2 Bg5 110. Kf3 Be3 111. Ke4 Bf2 112. Kf3 Kg7 113. Kxf2 1-0

[Event "*** SCC Grand Prix: Titled Tuesday Blitz"]
[Site "Chess.com"]
[Date "2020.08.25"]
[Round "3"]
[White "Crazy_girl99"]
[Black "crescentmoon2411"]
[Result "0-1"]
[WhiteElo "2512"]
[BlackElo "2767"]
[TimeControl "180+1"]
[EndTime "10:24:28 PDT"]
[Termination "crescentmoon2411 won by resignation"]

1. Nf3 Nf6 2. g3 d5 3. Bg2 c6 4. O-O Bg4 5. h3 Bxf3 6. Bxf3 e5 7. d3 Nbd7 8. Nd2 Nc5 9. Bg2 Ne6 10. e4 dxe4 11. dxe4 Bc5 12. c3 a5 13. Nc4 Qc7 14.
Bg5 Nxg5 0-1

[Event "*** SCC Grand Prix: Titled Tuesday Blitz"]
[Site "Chess.com"]
[Date "2020.08.25"]
[Round "3"]
[White "vovachesss"]
[Black "MarceloPlaya"]
[Result "1-0"]
[WhiteElo "2587"]
[BlackElo "2380"]
[TimeControl "180+1"]
[EndTime "10:24:29 PDT"]
[Termination "vovachesss won by resignation"]

1. e4 e6 2. Qe2 d5 3. exd5 Qxd5 4. Nc3 Qa5 5. Nf3 Nf6 6. g3 Be7 7. Bg2 O-O 8. O-O c6 9. d4 Nbd7 10. Bf4 Nd5 11. Nxd5 exd5 12. Qxe7 1-0

[Event "*** SCC Grand Prix: Titled Tuesday Blitz"]
[Site "Chess.com"]
[Date "2020.08.25"]
[Round "3"]
[White "KatarinaOstojic"]
[Black "pastouche06"]
[Result "1/2-1/2"]
[WhiteElo "2309"]
[BlackElo "2510"]
[TimeControl "180+1"]
[EndTime "10:24:35 PDT"]
[Termination "Game drawn by agreement"]

1. d4 Nf6 2. Nf3 d5 3. c4 e6 4.
Nc3 dxc4 5. e3 a6 6. a4 c5 7.
Bxc4 Nc6 8. O-O Be7 9. Qe2 cxd4 10. Rd1 e5 11. exd4 exd4 12. Nxd4 Nxd4 13. Qe5 Qd6 14. Qxd6 Bxd6 15. Rxd4 Bc5 16. Rh4 Be6 17. Bxe6 fxe6 18.
Ne4 Nxe4 19. Rxe4 Kf7 20. b4 1/2-1/2

[Event "*** SCC Grand Prix: Titled Tuesday Blitz"]
[Site "Chess.com"]
[Date "2020.08.25"]
[Round "3"]
[White "Siniauski"]
[Black "vvg2"]
[Result "1-0"]
[WhiteElo "2509"]
[BlackElo "2282"]
[TimeControl "180+1"]
[EndTime "10:25:02 PDT"]
[Termination "Siniauski won by resignation"]

1. e4 c5 2. Nf3 Nc6 3. Bb5 g6 4.
Bxc6 bxc6 5. O-O Bg7 6. Re1 Nh6 7. c3 O-O 8. h3 d6 9. d4 cxd4 10. cxd4 e5 11. dxe5 d5 12. exd5 cxd5 13. Nc3 Be6 14. Bg5 Qb6 15. Qd2 Nf5 16. g4 1-0

[Event "*** SCC Grand Prix: Titled Tuesday Blitz"]
[Site "Chess.com"]
[Date "2020.08.25"]
[Round "3"]
[White "rugbyclub"]
[Black "Aradej"]
[Result "0-1"]
[WhiteElo "2171"]
[BlackElo "2416"]
[TimeControl "180+1"]
[EndTime "10:25:09 PDT"]
[Termination "Aradej won by resignation"]

1. c4 e5 2. Nc3 Nc6 3. Nf3 f5 4. d4 e4 5. Nd2 Nf6 6. e3 g6 7.
Be2 Bg7 8. Qb3 O-O 9. O-O Ne7 10.
f3 exf3 11. Bxf3 d6 12. c5+ d5 13. e4 Nxe4 14. Ndxe4 fxe4 15. Bxe4 Bxd4+ 0-1

[Event "*** SCC Grand Prix: Titled Tuesday Blitz"]
[Site "Chess.com"]
[Date "2020.08.25"]
[Round "3"]
[White "Gurvich_Vitaly"]
[Black "DarZay"]
[Result "1-0"]
[WhiteElo "2588"]
[BlackElo "2320"]
[TimeControl "180+1"]
[EndTime "10:25:14 PDT"]
[Termination "Gurvich_Vitaly won by checkmate"]

1. e4 e5 2. Nf3 Nc6 3. Bb5 a6 4.
Bxc6 dxc6 5. O-O Bd6 6. d4 exd4 7. Qxd4 Qf6 8. e5 c5 9. Qe3 Bxe5 10. Nxe5 Be6 11.
Qxc5 O-O-O 12. Nc3 Kb8 13. Bg5 Rd5 14. Nxd5 Qxg5 15. Qxc7+ Ka8 16. Nc6 bxc6 17. Nb6# 1-0

[Event "*** SCC Grand Prix: Titled Tuesday Blitz"]
[Site "Chess.com"]
[Date "2020.08.25"]
[Round "3"]
[White "creativity"]
[Black "Karina_Ivanova"]
[Result "1-0"]
[WhiteElo "2023"]
[BlackElo "2260"]
[TimeControl "180+1"]
[EndTime "10:25:28 PDT"]
[Termination "creativity won by resignation"]

1. d4 Nf6 2. c4 e6 3. Nc3 Bb4 4. Qc2 c5 5. dxc5 Bxc5 6. Nf3 a6 7. g3 Qc7 8. Bg2 b6 9. Bf4 d6 10. a3 a5 11. O-O Bb7 12. Rad1 O-O 13. Nb5 Qc6 14.
Bxd6 Qxd6 15. Nxd6 1-0

[Event "*** SCC Grand Prix: Titled Tuesday Blitz"]
[Site "Chess.com"]
[Date "2020.08.25"]
[Round "3"]
[White "Jabberwockiez"]
[Black "pedro_nascimento85"]
[Result "1-0"]
[WhiteElo "2255"]
[BlackElo "1942"]
[TimeControl "180+1"]
[EndTime "10:25:39 PDT"]
[Termination "Jabberwockiez won by resignation"]

1. e4 e6 2. d4 d5 3. Nc3 Bb4 4. exd5 exd5 5. Bd3 Ne7 6. Nf3 Nbc6 7. O-O Bg4 8. h3 Bh5 9. g4 Bg6 10. a3 Bxc3 11. bxc3 O-O 12. Re1 Bxd3 13. Qxd3 Ng6 14. Ng5 Qd6 15. h4 h6 16. h5 hxg5 17. hxg6 fxg6 18.
Bxg5 Rf7 19. Qh3 Raf8 20. f4 Nd8 21. Re2 Rxf4 22. Rh2 Kf7 23. Bxf4 Qxf4 24. Rf2 1-0

[Event "*** SCC Grand Prix: Titled Tuesday Blitz"]
[Site "Chess.com"]
[Date "2020.08.25"]
[Round "3"]
[White "GlennTipton"]
[Black "Shubinkirill2003"]
[Result "0-1"]
[WhiteElo "2433"]
[BlackElo "2652"]
[TimeControl "180+1"]
[EndTime "10:25:54 PDT"]
[Termination "Shubinkirill2003 won by resignation"]

1. e4 e6 2. Qe2 c5 3. Nf3 Nc6 4. g3 g6 5. Bg2 Bg7 6. O-O Nge7 7.
d3 O-O 8. h4 e5 9. h5 d6 10. hxg6 fxg6 11. Nh4 Nd4 12. Qd1 Bf6 13. c3 Ne6 14. Bh6 Rf7 15. Bh3 Bxh4 16. gxh4 Nf4 17. Bxc8 Qxc8 18. Qf3 Nh3+ 0-1

[Event "*** SCC Grand Prix: Titled Tuesday Blitz"]
[Site "Chess.com"]
[Date "2020.08.25"]
[Round "3"]
[White "mohssenbinaddi"]
[Black "Gerodot71"]
[Result "0-1"]
[WhiteElo "2184"]
[BlackElo "2423"]
[TimeControl "180+1"]
[EndTime "10:25:57 PDT"]
[Termination "Gerodot71 won by resignation"]

1. Nf3 d5 2. g3 Nd7 3. Bg2 e5 4. d4 e4 5. Nfd2 Ngf6 6. c4 c6 7. e3 Bd6 8. Nc3 O-O 9. Qb3 Re8 10. cxd5 cxd5 11. Nxd5 Nxd5 12. Qxd5 Nb6 13. Qh5 g6 14.
Qh6 Bf8 15. Qf4 Nd5 16. Qh4 Be7 17. Qh6 Bg5 0-1

[Event "*** SCC Grand Prix: Titled Tuesday Blitz"]
[Site "Chess.com"]
[Date "2020.08.25"]
[Round "3"]
[White "albi1999"]
[Black "YIYUKI"]
[Result "1-0"]
[WhiteElo "2518"]
[BlackElo "2307"]
[TimeControl "180+1"]
[EndTime "10:26:15 PDT"]
[Termination "albi1999 won by resignation"]

1. d4 Nf6 2. c4 g6 3. Nc3 Bg7 4. e4 d6 5. Be2 O-O 6. Be3 c6 7. Nf3 a6 8. O-O b5 9. Nd2 e5 10. dxe5 dxe5 11. Nb3 Nbd7 12. Rc1 Qe7 13. f3 Nh5 14.
Re1 Nf4 15. Bf1 Ne6 16. Qd2 f5 17. exf5 gxf5 18. Na5 b4 19. Nxc6 Qf6 20. Nd5 Qf7 21. c5 Bb7 22. Nce7+ Kh8 23. c6 1-0

[Event "*** SCC Grand Prix: Titled Tuesday Blitz"]
[Site "Chess.com"]
[Date "2020.08.25"]
[Round "3"]
[White "AttackSparrow"]
[Black "Sashadav97"]
[Result "1-0"]
[WhiteElo "2373"]
[BlackElo "2537"]
[TimeControl "180+1"]
[EndTime "10:26:26 PDT"]
[Termination "AttackSparrow won by resignation"]

1. e4 c5 2. c3 d6 3. d4 Nf6 4.
Bd3 g6 5. dxc5 dxc5 6. e5 Nd5 7. Be4 e6 8. c4 Nb4 9. Qxd8+ Kxd8 10. Nc3 a6 11. Bg5+ Kc7 12. O-O-O N4c6 13. Nf3 h6 14.
Bf6 Rg8 15. Rd2 Nd7 16. Bxc6 bxc6 17. Rhd1 Nxf6 18. exf6 h5 19. h4 e5 20. Nxe5 Bh6 21.
Nxf7 Bxd2+ 22. Rxd2 Rf8 23. Nd6 Rxf6 24. Ne8+ 1-0

[Event "*** SCC Grand Prix: Titled Tuesday Blitz"]
[Site "Chess.com"]
[Date "2020.08.25"]
[Round "3"]
[White "jamalm2"]
[Black "LubovMarkelova"]
[Result "1-0"]
[WhiteElo "1927"]
[BlackElo "2236"]
[TimeControl "180+1"]
[EndTime "10:26:26 PDT"]
[Termination "jamalm2 won by resignation"]

1. e4 e5 2. Nf3 Nc6 3. Bb5 a6 4. Ba4 Nf6 5. O-O b5 6. Bb3 Bc5 7. c3 d6 8. d4 Bb6 9. Bg5 Bg4 10.
Bd5 Qd7 11. Bxf6 gxf6 12. h3 Bh5 13. dxe5 Nxe5 14. Nxe5 1-0

[Event "*** SCC Grand Prix: Titled Tuesday Blitz"]
[Site "Chess.com"]
[Date "2020.08.25"]
[Round "3"]
[White "politeplayer"]
[Black "SlavenPastar"]
[Result "0-1"]
[WhiteElo "2205"]
[BlackElo "2439"]
[TimeControl "180+1"]
[EndTime "10:26:49 PDT"]
[Termination "SlavenPastar won by resignation"]

1. e4 b6 2. d4 Bb7 3. Bd3 Nf6 4.
Qe2 e6 5. Bg5 Be7 6. Nf3 d5 7.
e5 Ne4 8. Bxe7 Qxe7 9. Nbd2 Nxd2 10. Nxd2 Qb4 11. Qg4 O-O 12. Qh5 h6 13. O-O Qxd2 14. f4 Ba6 15. Bxa6 Nxa6 16. Rad1 Qxc2 17. f5 exf5 18.
Rxf5 g6 19. Qxh6 Qxd1+ 20. Rf1 Qxd4+ 21. Kh1 Qxe5 0-1

[Event "*** SCC Grand Prix: Titled Tuesday Blitz"]
[Site "Chess.com"]
[Date "2020.08.25"]
[Round "3"]
[White "Region_07"]
[Black "ruslansezdbekov"]
[Result "1/2-1/2"]
[WhiteElo "2383"]
[BlackElo "2559"]
[TimeControl "180+1"]
[EndTime "10:26:59 PDT"]
[Termination "Game drawn by agreement"]

1. e4 c5 2. Nf3 d6 3. Nc3 Nf6 4. e5 dxe5 5. Nxe5 a6 6. a4 e6 7.
g3 Be7 8. Bg2 O-O 9. O-O Nbd7 10.
Nc4 Nb6 11. Nxb6 Qxb6 12. a5 Qc7 13. d3 Bd7 14. Re1 Bc6 15. Bf4 Bd6 16. Bxd6 Qxd6 17. Ne4 Nxe4 18. Bxe4 Rfd8 19. Qf3 Rac8 20. Bxc6 Qxc6 21.
Qxc6 Rxc6 22. Re4 1/2-1/2

[Event "*** SCC Grand Prix: Titled Tuesday Blitz"]
[Site "Chess.com"]
[Date "2020.08.25"]
[Round "3"]
[White "Matols"]
[Black "GoldenShare"]
[Result "1/2-1/2"]
[WhiteElo "2262"]
[BlackElo "2494"]
[TimeControl "180+1"]
[EndTime "10:27:02 PDT"]
[Termination "Game drawn by repetition"]

1. d4 d5 2. c4 dxc4 3. Nf3 Nf6 4. e3 a6 5. Bxc4 e6 6. O-O b5 7. Bd3 Bb7 8. Qe2 Nbd7 9. Rd1 c5 10. Nbd2 cxd4 11. exd4 Be7 12. Nb3 O-O 13. Bf4 Nd5 14. Bg3 Rc8 15. Ne5 Nxe5 16. Bxe5 Nb4 17. Qh5 g6 18. Qh6 f6 19. Bxg6 hxg6 20. Qxg6+ Kh8 21. Qh6+ Kg8 22. Qg6+ Kh8 23. Qh6+ Kg8 24. Qg6+ 1/2-1/2

[Event "*** SCC Grand Prix: Titled Tuesday Blitz"]
[Site "Chess.com"]
[Date "2020.08.25"]
[Round "3"]
[White "ShadowJolteon"]
[Black "TigrVShlyape"]
[Result "1/2-1/2"]
[WhiteElo "2455"]
[BlackElo "2840"]
[TimeControl "180+1"]
[EndTime "10:27:05 PDT"]
[Termination "Game drawn by agreement"]

1. d4 Nf6 2. c4 g6 3. Nc3 Bg7 4. e4 d6 5. f3 Nbd7 6. Be3 a6 7. Nge2 b5 8. cxb5 axb5 9. Nxb5 c6 10. Nbc3 O-O 11.
Ng3 e5 12. dxe5 Nxe5 13. Be2 Ba6 14. O-O d5 15. exd5 Nxd5 16. Nxd5 Qxd5 17. Qc2 Bxe2 18. Nxe2 Nc4 19. Bc1 Rfb8 20. Nc3 Qd4+ 21. Kh1 Ne3 22. Bxe3 Qxe3 23. Rfe1 1/2-1/2

[Event "*** SCC Grand Prix: Titled Tuesday Blitz"]
[Site "Chess.com"]
[Date "2020.08.25"]
[Round "3"]
[White "Oleksandr_Bortnyk"]
[Black "skiff134"]
[Result "1-0"]
[WhiteElo "2933"]
[BlackElo "2611"]
[TimeControl "180+1"]
[EndTime "10:27:15 PDT"]
[Termination "Oleksandr_Bortnyk won by resignation"]

1. d4 d5 2. Nc3 c6 3. Bf4 Nf6 4. e3 Bf5 5. Nf3 e6 6. Ne5 Nbd7 7. g4 Bg6 8. h4 Nxe5 9. dxe5 Ne4 10. Nxe4 Bxe4 11.
f3 Qa5+ 12. c3 g5 13. Bxg5 Ba3 14. bxa3 Qxc3+ 15. Kf2 Bc2 16. Qd4 Qxa3 17. Be2 h6 18. Bf6 Rg8 19. Rac1 Qxa2 20. Qc5 Kd7 21. Rxc2 Qxc2 22. Qxc2 1-0

[Event "*** SCC Grand Prix: Titled Tuesday Blitz"]
[Site "Chess.com"]
[Date "2020.08.25"]
[Round "3"]
[White "eCztery"]
[Black "Artur0208"]
[Result "0-1"]
[WhiteElo "2414"]
[BlackElo "2691"]
[TimeControl "180+1"]
[EndTime "10:27:18 PDT"]
[Termination "Artur0208 won by resignation"]

1. e4 e5 2. Nf3 Nc6 3. d4 exd4 4. Bc4 Nf6 5. O-O Nxe4 6. Nc3 Nd6 7. Nxd4 Nxc4 8. Nxc6 dxc6 9. Qe2+ Be6 10. f4 Bc5+ 11. Kh1 O-O 12. f5 Bd5 13. f6 Re8 14. Qg4 g6 15.
Bh6 Ne3 16. Bxe3 Rxe3 17. Rad1 Qd6 18. Qh4 Rae8 19. Na4 Re2 20. Rg1 Bxg1 21. Rxg1 Bxg2+ 22. Rxg2 Qd1+ 23. Rg1 Qd5+ 0-1

[Event "*** SCC Grand Prix: Titled Tuesday Blitz"]
[Site "Chess.com"]
[Date "2020.08.25"]
[Round "3"]
[White "Dr_crypt"]
[Black "Sacbutt"]
[Result "1-0"]
[WhiteElo "2376"]
[BlackElo "2194"]
[TimeControl "180+1"]
[EndTime "10:27:18 PDT"]
[Termination "Dr_crypt won by resignation"]

1. d4 Nf6 2. Nf3 d5 3. Bf4 e6 4. e3 Bd6 5. Bg3 c5 6. c3 Nc6 7. Nbd2 O-O 8. Bd3 Nh5 9. Bxd6 Qxd6 10. Ne5 Nxe5 11. dxe5 Qxe5 12. Qe2 Nf6 13. O-O-O c4 14.
Bc2 b5 15. f4 Qc7 16. e4 dxe4 17. Nxe4 Bb7 18. Nxf6+ gxf6 19. Qg4+ Kh8 20. Qh4 f5 21. Qf6+ Kg8 22. Rhf1 Qd8 23. Rxd8 1-0

[Event "*** SCC Grand Prix: Titled Tuesday Blitz"]
[Site "Chess.com"]
[Date "2020.08.25"]
[Round "3"]
[White "Zarinur"]
[Black "Colombiano07"]
[Result "1-0"]
[WhiteElo "2130"]
[BlackElo "2314"]
[TimeControl "180+1"]
[EndTime "10:27:21 PDT"]
[Termination "Zarinur won by resignation"]

1. e4 c5 2. Nf3 g6 3. c3 Bg7 4. d4 cxd4 5. cxd4 d5 6. exd5 Nf6 7. Nc3 O-O 8. Bc4 Nbd7 9. O-O Nb6 10. Bb3 Nbxd5 11. Re1 h6 12. Ne5 Be6 13. Nxg6 Bg4 14. Qd3 Re8 15. Nxd5 Nxd5 16. Bxd5 Qxd5 17. Nxe7+ Rxe7 18. Rxe7 Be6 19. Bf4 Bxd4 20. Rd1 Bf6 21. Qg3+ 1-0

[Event "*** SCC Grand Prix: Titled Tuesday Blitz"]
[Site "Chess.com"]
[Date "2020.08.25"]
[Round "3"]
[White "OparinGrigoriy"]
[Black "Ariadna_Atreides"]
[Result "1-0"]
[WhiteElo "2966"]
[BlackElo "2052"]
[TimeControl "180+1"]
[EndTime "10:27:22 PDT"]
[Termination "OparinGrigoriy won by resignation"]

1. d4 e6 2. Nf3 Nf6 3. g3 Be7 4. Bg2 O-O 5. c4 c5 6. Nc3 cxd4 7. Nxd4 Nc6 8. O-O a6 9. b3 Qc7 10. Bb2 Rd8 11. Rc1 Nxd4 12. Qxd4 Qc5 13. Qxc5 Bxc5 14.
Na4 Ba7 15. c5 Rb8 16. Rfd1 Ne8 17. Be5 Ra8 18. c6 f6 19. cxb7 Bxb7 20. Bxb7 fxe5 21. Bxa8 Rxa8 22. Rxd7 Nf6 23. Rb7 Ne4 24. e3 Nd6 25.
Rd7 Nb5 26. Rc6 Re8 27. Rxa6 Bb8 28. Nc5 Nc7 29. Rc6 1-0

[Event "*** SCC Grand Prix: Titled Tuesday Blitz"]
[Site "Chess.com"]
[Date "2020.08.25"]
[Round "3"]
[White "Sanyura"]
[Black "SmirnovAlexandrA"]
[Result "1-0"]
[WhiteElo "2518"]
[BlackElo "2312"]
[TimeControl "180+1"]
[EndTime "10:27:23 PDT"]
[Termination "Sanyura won by resignation"]

1. Nf3 Nf6 2. g3 g6 3. Bg2 Bg7 4. O-O O-O 5. d3 c5 6. Nbd2 Nc6 7. e4 d6 8. a4 Rb8 9. c3 a6 10. Nc4 b5 11. axb5 axb5 12. e5 bxc4 13. exf6 Bxf6 14. dxc4 Bb7 15. Bh6 Re8 16. Re1 Ne5 17. Nxe5 Bxe5 18. Qd2 Bxg2 19. Kxg2 Qd7 20. Rxe5 Qb7+ 21.
Rd5 e6 22. Qg5 f5 23. Ra7 Qxa7 24. Rxd6 Rxb2 25. Qf6 Qf7 26. Qe5 Ra8 27. Rc6 Re8 28.
Rc7 Re7 29. Rc8+ 1-0

[Event "*** SCC Grand Prix: Titled Tuesday Blitz"]
[Site "Chess.com"]
[Date "2020.08.25"]
[Round "3"]
[White "BjarkeSahl"]
[Black "ZenBull"]
[Result "1-0"]
[WhiteElo "2322"]
[BlackElo "2098"]
[TimeControl "180+1"]
[EndTime "10:27:32 PDT"]
[Termination "BjarkeSahl won by resignation"]

1. e4 c5 2. Nf3 e6 3. d4 cxd4 4. Nxd4 Nc6 5. Nc3 Qc7 6. g3 a6 7. Bg2 d6 8. O-O Bd7 9. Be3 Be7 10. Qe2 Nxd4 11. Bxd4 Nf6 12. Rad1 Bc6 13. e5 dxe5 14. Bxe5 Qc8 15. Ne4 Nxe4 16. Bxe4 O-O 17. Qg4 g6 18.
Bd3 Rd8 19. Rde1 Qd7 20. Bc3 Qe8 21. h4 h5 22. Qf4 Qf8 23. Qe5 Kh7 24. Qxh5+ 1-0

[Event "*** SCC Grand Prix: Titled Tuesday Blitz"]
[Site "Chess.com"]
[Date "2020.08.25"]
[Round "3"]
[White "ENajer77"]
[Black "Msb2"]
[Result "0-1"]
[WhiteElo "2607"]
[BlackElo "2834"]
[TimeControl "180+1"]
[EndTime "10:27:35 PDT"]
[Termination "Msb2 won by resignation"]

1. e4 e6 2. d4 d5 3. Nc3 Nf6 4. Bg5 dxe4 5. Nxe4 Be7 6. Bxf6 Bxf6 7. Nf3 Nd7 8. Qd2 O-O 9. O-O-O Be7 10. h4 c5 11. dxc5 Qc7 12. Kb1 b6 13. Bd3 Bb7 14.
Neg5 Nf6 15. cxb6 axb6 16. a3 Bxa3 17. bxa3 Rxa3 18. Kb2 Rfa8 19. Ra1 Qc5 20. c4 h6 21. Rhe1 hxg5 22. hxg5 Bxf3 0-1

[Event "*** SCC Grand Prix: Titled Tuesday Blitz"]
[Site "Chess.com"]
[Date "2020.08.25"]
[Round "3"]
[White "MasterKroket"]
[Black "Th3_Hound"]
[Result "1-0"]
[WhiteElo "2416"]
[BlackElo "2621"]
[TimeControl "180+1"]
[EndTime "10:27:36 PDT"]
[Termination "MasterKroket won by resignation"]

1. d4 d5 2. c4 dxc4 3. Nf3 Nf6 4. e3 e6 5. Bxc4 a6 6. O-O b5 7. Be2 Bb7 8. Nc3 c5 9. dxc5 Qxd1 10. Rxd1 Bxc5 11.
a3 Ke7 12. b4 Bd6 13. Bb2 Rc8 14. Nd4 Nbd7 15. f3 Ne5 16. e4 Nc4 17. Bxc4 Rxc4 18.
Nb3 Rac8 19. Na5 R4c7 20. Rxd6 Kxd6 21. e5+ Ke7 22. exf6+ gxf6 23. Rd1 f5 24. Kf2 Ba8 25.
Rd3 h5 26. Nb3 Rg8 27. Nc5 Rc6 28. Ne2 a5 29. Nd4 Rd6 30. Nxb5 Rxd3 31. Nxd3 axb4 32. axb4 Bd5 33. Nc3 Bc4 34. Ne5 Ba6 35. b5 Bb7 36.
Ba3+ Kf6 37. Nd7+ Kg7 38. Be7 Ra8 39. Nc5 Bc8 40. b6 Ra3 41. Bd6 f6 42. Nxe6+ Bxe6 1-0

[Event "*** SCC Grand Prix: Titled Tuesday Blitz"]
[Site "Chess.com"]
[Date "2020.08.25"]
[Round "3"]
[White "julinha97"]
[Black "TurboSteen"]
[Result "0-1"]
[WhiteElo "2267"]
[BlackElo "2044"]
[TimeControl "180+1"]
[EndTime "10:27:39 PDT"]
[Termination "TurboSteen won by resignation"]

1. e4 e6 2. d4 d5 3. Bd3 dxe4 4. Bxe4 Nf6 5. Bf3 c5 6. Ne2 Be7 7. O-O O-O 8. Be3 cxd4 9. Nxd4 Qc7 10. Nc3 Nc6 11. Qe2 Bd7 12. Ndb5 Qa5 13. a3 a6 14. b4 Qd8 15. Nd4 Nxd4 16. Bxd4 Qc7 17. Rad1 Bc6 18. Bxc6 Qxc6 19. Ne4 Qxe4 20. Qxe4 Nxe4 21. Bb6 Bd8 22. Be3 Nc3 23. Rd7 b5 24. Bc5 Re8 25. f3 Bf6 26. Kf2 Rad8 27. Ra7 Ra8 28. Re1 Rxa7 29. Bxa7 h6 30.
Bc5 Rd8 31. Ke3 Nd5+ 32. Ke4 Bc3 0-1

[Event "*** SCC Grand Prix: Titled Tuesday Blitz"]
[Site "Chess.com"]
[Date "2020.08.25"]
[Round "3"]
[White "GAusal"]
[Black "Irishchessman16"]
[Result "1-0"]
[WhiteElo "2161"]
[BlackElo "2347"]
[TimeControl "180+1"]
[EndTime "10:27:41 PDT"]
[Termination "GAusal won by resignation"]

1. e4 e5 2. f4 d5 3. Nf3 exf4 4. e5 c5 5. Nc3 d4 6. Ne4 Bf5 7. Bb5+ Nc6 8. Bxc6+ bxc6 9. Qe2 h6 10. d3 g5 11.
Nd6+ Bxd6 12. exd6+ Kf8 13. Qe5 Qe8 14. O-O Qxe5 15.
Nxe5 f6 16. Nxc6 Bd7 17. Na5 f5 18. b3 Nf6 19. Re1 Nd5 20. Re5 Ne3 21. Bxe3 fxe3 22. Re7 Rd8 23. Nb7 1-0